 Dungeon Crawl Stone Soup version 0.31-a0-716-gc7603755dd (webtiles) character file.

Game seed: 2321895661909950647

1078 MegasTu the Spear-Bearer (level 8, -5/67 HPs)
             Began as a Merfolk Gladiator on Sept 10, 2023.
             Slain by an orc warrior
             ... wielding a +0 mace
              (11 damage)
             ... on level 5 of the Dungeon.
             The game lasted 00:06:12 (3937 turns).

MegasTu the Spear-Bearer (Merfolk Gladiator)        Turns: 3937, Time: 00:06:13

Health: -5/67      AC: 10    Str: 17    XL:     8   Next: 29%
Magic:  8/8        EV: 13    Int:  7    God:
Gold:   292        SH:  0    Dex: 15    Spells: 5/7 levels left

rFire   . . .        a - +0 trident
rCold   . . .        (no shield)
rNeg    . . .        b - +0 leather armour
rPois   .            r - +1 helmet
rElec   .            (no cloak)
rCorr   +            h - +0 pair of gloves
SInv    .            (no boots)
Will    .....        (no amulet)
Stlth   +            k - ring of resist corrosion
HPRegen 0.31/turn    l - +4 ring of protection
MPRegen 0.11/turn

%: no passive effects
@: no status effects
A: (nimble swimmer 2), mertail
a: no special abilities


You were on level 5 of the Dungeon.
You visited 1 branch of the dungeon, and saw 6 of its levels.

You collected 292 gold pieces.

Inventory:

Hand Weapons
 a - a +0 trident (weapon)
 m - a +4 sling
Missiles
 d - 3 throwing nets (quivered)
 e - a javelin
 p - 12 poisoned darts
Armour
 b - a +0 leather armour (worn)
 c - a +0 helmet
 h - a +0 pair of gloves (worn)
 r - a +1 helmet (worn)
Jewellery
 k - a ring of resist corrosion (left hand)
 l - a +4 ring of protection (right hand)
Scrolls
 f - 6 scrolls of identify {unknown}
 j - a scroll of fear {unknown}
 n - a scroll of revelation {unknown}
 o - a scroll of blinking {unknown}
 q - 2 scrolls of teleportation {unknown}
 s - a scroll of enchant armour {unknown}
 t - a scroll of torment {unknown}
Potions
 i - a potion of haste {unknown}
 u - a potion of cancellation


   Skills:
 - Level 7.0 Fighting
 + Level 10.3 Polearms
 - Level 2.0 Throwing
 - Level 4.0 Dodging


You had 5 spell levels left.
You knew the following spells:

 Your Spells              Type           Power      Damage    Failure   Level
a - Blink                 Tloc           0%         N/A       65%         2

Your spell library contained the following spells:

 Spells                   Type           Power      Damage    Failure   Level
 Lesser Beckoning         Tloc           0%         N/A       65%         2
 Momentum Strike          Conj/Tloc      0%         3d8       65%         2
 Gell's Gravitas          Tloc           0%         N/A       86%         3
 Inner Flame              Hex/Fire       0%         N/A       86%         3
 Teleport Other           Tloc           0%         N/A       86%         3
 Flame Wave               Conj/Fire      0%         2d4       99%         4
 Sticky Flame             Conj/Fire      0%         2d3       99%         4


Dungeon Overview and Level Annotations

Branches:
Dungeon (6/15)
 Temple: D:4-7

Altars:
Cheibriados
Kikubaaqudgha
Sif Muna

Shops:
D:4 *


Innate Abilities, Weirdness & Mutations

((You are very nimble when in or above water. (Stealth+, EV+, Speed+++)))
Your lower body shifts to a powerful aquatic tail in water.


Message History

The orc wizard is heavily wounded.
You hit the orc wizard but do no damage.
The orc wizard is heavily wounded.
Unknown command.
The sky beast flickers out of sight!
The orc wizard mumbles some strange words.
The orc wizard flickers and vanishes!
There is a stone staircase leading up here.
A sky beast appears from thin air!
Reactivating autopickup.
The orc warrior hits you with a +0 mace.
You climb upwards.
There is a stone staircase leading down here.
Unknown command.
The orc warrior attacks as it pursues you!
The orc warrior hits you with a +0 mace!
The orc warrior attacks as it pursues you!
The orc warrior hits you with a +0 mace.
You see here a +0 robe.
The orc warrior attacks as it pursues you!
The orc warrior hits you but does no damage.
The orc warrior attacks as it pursues you!
The orc warrior closely misses you.
The orc warrior attacks as it pursues you!
The orc warrior barely misses you.
The orc warrior attacks as it pursues you!
The orc warrior hits you with a +0 mace!
* * * LOW HITPOINT WARNING * * *
The orc warrior attacks as it pursues you!
The orc warrior hits you with a +0 mace.
* * * LOW HITPOINT WARNING * * *
The orc warrior attacks as it pursues you!
The orc warrior hits you with a +0 mace.
* * * LOW HITPOINT WARNING * * *
The orc warrior attacks as it pursues you!
The orc warrior hits you with a +0 mace!
* * * LOW HITPOINT WARNING * * *
The orc warrior attacks as it pursues you!
The orc warrior hits you with a +0 mace!
You die...

###############
##.............##############
#.#.#........#.......[.....>#
##......####.###.######.####.#
...#.#.## ##.#.........# #.#
##....########..#######># #.#
#.#### #.......@.# #.# #.#
##'######.####..#o# #.# #.####
~~.~~##...# #..#.# #[# #.....
~~.~~~##### #..#.#####.#
###### ~...~~# #..#.....#.#
~._.~~########..#####.#.#
~...~~#.........# #.#.#
~~~~~~########[## #.#.#
~~~~~###
####>######.#.#########


You could see an orc warrior.

Vanquished Creatures
  An ice beast (D:5)
  An orc warrior (D:5)
  3 black bears
  3 ogres
  4 hounds
  A jelly (D:5)
  An iguana (D:4)
  4 gnolls (D:2)
  8 adders
  2 white imps (D:5)
  A worm (D:2)
  3 orcs (D:5)
  6 endoplasms
  A giant cockroach (D:3)
  3 hobgoblins
  7 quokkas
  11 ball pythons
  4 bats
  A frilled lizard (D:1)
  5 goblins
  4 kobolds
  5 rats
79 creatures vanquished.

Notes
Turn   | Place    | Note
-------+----------+-------------------------------------------
     0 | D:1      | MegasTu the Merfolk Gladiator began the quest for the Orb.
     0 | D:1      | Reached XP level 1. HP: 16/16 MP: 1/1
   227 | D:1      | Reached XP level 2. HP: 22/22 MP: 2/2
   589 | D:1      | Found a faded altar of an unknown god.
   804 | D:2      | Reached skill level 5 in Polearms
   913 | D:2      | Reached XP level 3. HP: 19/27 MP: 3/3
   921 | D:2      | Reached skill level 6 in Polearms
   931 | D:2      | Reached XP level 4. HP: 24/33 MP: 4/4
  1239 | D:2      | Reached skill level 7 in Polearms
  1714 | D:3      | Found a snail-covered altar of Cheibriados.
  1836 | D:3      | Reached XP level 5. HP: 39/39 MP: 5/5
  2161 | D:4      | Noticed an ogre
  2165 | D:4      | Killed an ogre
  2205 | D:4      | Learned a level 2 spell: Blink
  2273 | D:4      | Reached XP level 6. HP: 42/49 MP: 6/6
  2315 | D:4      | Reached skill level 5 in Fighting
  2424 | D:4      | Noticed a black bear
  2431 | D:4      | Killed a black bear
  2432 | D:4      | Reached XP level 7. HP: 48/59 MP: 7/7
  2480 | D:4      | Found Newk's Elemental Accessories.
  2614 | D:5      | Entered Level 5 of the Dungeon
  2883 | D:5      | Reached skill level 8 in Polearms
  2904 | D:5      | Found an ancient bone altar of Kikubaaqudgha.
  3170 | D:5      | Reached skill level 9 in Polearms
  3199 | D:5      | Reached XP level 8. HP: 65/67 MP: 8/8
  3215 | D:5      | Found a shimmering blue altar of Sif Muna.
  3682 | D:5      | Reached skill level 10 in Polearms
  3937 | D:5      | Slain by an orc warrior

Illustrated notes

Levels and vault maps discovered:
D:1:      dpeg_arrival_shrine, layout_loops_ring,
          hellmonk_ecumenical_altar_inner_sanctum
D:2:      layout_basic
D:3:      layout_loops_ring, mainiacjoe_overflow_boulevard,
          minmay_misc_feat_hallway
D:4:      layout_cave_pools, nicolae_elemental_shop, dreamdust_wishing_well
D:5:      layout_loops_ring, nicolae_overflow_crystal_walls, led_sif_pool
D:6:      layout_basic, mainiacjoe_overflow_catch_the_wave,
          overflow_temple_1_default, temple_hall, serial_rivers,
          chequers_serial_rivers_marsh, chequers_serial_rivers_room_b,
          chequers_serial_rivers_small_3, chequers_serial_rivers_marsh,
          chequers_serial_rivers_large_b, serial_shops, shop

Skill      XL: |  1  2  3  4  5  6  7  8 |
---------------+-------------------------+-----
Polearms       | 5 6 7 9 10 | 10.3
Fighting       | 4 6 7 |  7.0
Throwing       | |  2.0
Dodging        | |  4.0

Action                     |  1- 3 |  4- 6 |  7- 9 || total
---------------------------+-------+-------+-------++-------
  Melee: Trident           |    53 |    53 |   120 ||   226
         Punch             |       |       |     1 ||     1
   Fire: Sling             |       |    87 |    12 ||    99
    Use: Potion            |     1 |       |     4 ||     5
   Stab: Sleeping          |     4 |       |       ||     4
 Armour: Leather armour    |    16 |    49 |   101 ||   166
  Dodge: Dodged            |    22 |    61 |    73 ||   156

Table legend: (Time is in decaauts)
 A = Elapsed time spent in this place.
 B = Non-inter-level travel time spent in this place.
 C = Inter-level travel time spent in this place.
 D = Time resting spent in this place.
 E = Time spent auto-exploring this place.
 F = Levels seen in this place.
 G = Mean time per level.
                   A        B        C        D        E       F      G
               +--------+--------+--------+--------+--------+-----+--------+
         Total |   3958 |   3779 |    179 |    320 |   2805 |   6 |  659.7 |
       Dungeon |   3958 |   3779 |    179 |    320 |   2805 |   6 |  659.7 |
               +--------+--------+--------+--------+--------+-----+--------+

Top non-repeatable levels by time:
     D:5: 1282 daAuts
     D:1: 795 daAuts
     D:2: 767 daAuts
     D:3: 595 daAuts
     D:4: 490 daAuts
     D:6: 26 daAuts
